Rockets vs Checkers
Created - December 1, 2024 at 19:16
Goals
|
| Rockets |
0 |
2 |
1 |
3 |
| Checkers |
0 |
3 |
3 |
6 |
|
Shots
|
| Rockets |
9 |
7 |
9 |
25 |
| Checkers |
13 |
10 |
14 |
37 |
|
1st period
No Goal
Penalties :
Grigori Denisenko (Cha) for Tripping (Minor) at 14:08
2nd period
1. Checkers , Patrick Brown 13 (Andrei Svechnikov 18, Dylan Gambrell 24) at 0:14
2. Checkers , Kirill Marchenko 3 (Kale Clague 6, Grigori Denisenko 8) at 2:30
3. Rockets , Jacob De La Rose 2 (Patrik Laine 5, Moritz Seider 7) at 2:42
4. Rockets , Garret Pilon 4 (Cole Caufield 2, Pyotr Kochetkov) at 8:27
5. Checkers , Andrei Svechnikov 17 (Patrick Brown 14, Michael Anderson 6) at 17:45
Penalties :
Garret Pilon (Lav) for Tripping (Minor) at 0:27, John Marino (Lav) for Slashing (Minor) at 5:28, Patrik Laine (Lav) for Holding (Minor) at 9:33, Dylan Gambrell (Cha) for Roughing (Minor) at 14:20
3rd period
6. Rockets , Patrik Laine 4 (Alex Newhook 4, Jacob De La Rose 3) at 13:56
7. Checkers , Patrick Brown 14 (Andrei Svechnikov 19, Dylan Gambrell 25) at 14:04
8. Checkers , Patrick Brown 15 (Andrei Svechnikov 20, Timothy Liljegren 21) at 15:31 (PP)
9. Checkers , Mitchell Heard 4 (Roberts Lipsbergs 5, Kale Clague 7) at 17:38
Penalties :
Matias Maccelli (Lav) for Roughing (Double Minor) at 0:28, John Draeger (Cha) for Slashing (Minor) at 5:39, Nick Suzuki (Lav) for Hooking (Minor) at 14:15, Moritz Seider (Lav) for Checking from behind (Minor) at 19:46
Goalie Stats
Pyotr Kochetkov (Lav), 31 saves from 37 shots - (0.838), L, 3-7-0, 60:00 minutes
Joseph Woll (Cha), 22 saves from 25 shots - (0.880), W, 8-4-1, 60:00 minutes
Players Stats for Rockets
Player Name G A P +/- PIM S H SB GA TA FO MP PP MP PK MP
------------------------------------------------------------------------------------
Alex Newhook 0 1 1 -2 0 1 0 0 0 0 0/0 18:06 3:48 2:11
Alexander Romanov 0 0 0 -1 0 0 3 1 0 1 0/0 9:09 0:00 0:00
Aliaksei Protas 0 0 0 1 0 0 1 3 0 0 0/1 7:46 0:03 0:00
Arber Xhekaj 0 0 0 1 0 0 0 1 0 0 0/0 4:53 0:00 1:12
Cole Caufield 0 1 1 -1 0 3 0 2 0 0 0/0 14:22 2:40 0:00
Eetu Luostarinen 0 0 0 -1 0 4 2 0 0 0 1/1 20:05 2:40 5:43
Garret Pilon 1 0 1 -2 2 2 2 0 0 1 7/13 14:33 0:00 2:51
Jacob Bryson 0 0 0 -1 0 2 0 1 0 0 0/0 14:15 0:00 4:16
Jacob De La Rose 1 1 2 -1 0 1 0 0 1 0 14/23 20:11 2:09 5:44
Jayden Struble 0 0 0 1 0 0 0 0 0 0 0/0 4:45 0:00 0:52
Jeff Corbett 0 0 0 -2 0 1 1 0 0 0 0/0 19:27 0:00 6:34
Joel Teasdale 0 0 0 0 0 2 0 0 0 0 1/1 7:52 0:00 0:05
John Marino 0 0 0 -1 2 0 1 1 0 0 0/0 18:56 2:09 3:25
Kirby Dach 0 0 0 1 0 1 0 1 0 0 1/1 9:53 2:40 0:00
Matias Maccelli 0 0 0 0 4 2 1 1 2 0 0/3 14:33 3:14 0:00
Moritz Seider 0 1 1 0 2 0 2 2 1 4 0/0 19:52 3:48 0:00
Nick Suzuki 0 0 0 0 2 2 1 1 1 0 6/13 17:29 3:17 2:49
Nicolas Hague 0 0 0 -1 0 0 0 2 1 0 0/0 22:30 0:00 6:31
Patrik Laine 1 1 2 -1 2 3 1 0 2 1 0/1 15:07 3:17 0:00
Tage Thompson 0 0 0 0 0 1 2 1 0 0 0/0 14:45 0:00 3:27
Players Stats for Checkers
Player Name G A P +/- PIM S H SB GA TA FO MP PP MP PK MP
------------------------------------------------------------------------------------
Andrei Svechnikov 1 3 4 2 0 5 0 0 0 0 0/0 20:36 6:02 0:00
Austin Poganski 0 0 0 -2 0 0 0 0 1 1 0/0 14:50 1:13 1:00
Brett Pollock 0 0 0 0 0 0 1 0 0 0 0/0 10:22 1:13 0:58
Dylan Gambrell 0 2 2 2 2 3 2 0 1 2 15/33 21:58 6:02 1:49
Grigori Denisenko 0 1 1 -1 2 2 2 0 0 1 0/0 15:37 4:10 0:00
Jared McIsaac 0 0 0 0 0 1 0 0 0 0 0/0 10:48 0:00 1:06
John Draeger 0 0 0 1 2 1 2 1 0 1 0/0 27:21 6:41 1:55
Kale Clague 0 2 2 1 0 2 1 3 0 0 0/0 21:23 4:44 2:29
Kirill Marchenko 1 0 1 2 0 2 3 1 0 0 1/1 12:24 4:10 0:00
Michael Anderson 0 1 1 1 0 3 1 0 0 0 0/0 15:45 4:44 0:40
Mitchell Heard 1 0 1 1 0 2 1 1 0 1 4/7 13:18 1:13 2:34
Nick Abruzzese 0 0 0 -1 0 1 4 1 1 0 2/8 17:08 4:10 1:28
Patrick Brown 3 1 4 2 0 5 4 0 2 0 3/4 23:30 6:02 3:17
Roberts Lipsbergs 0 1 1 1 0 0 0 1 0 0 0/0 9:07 0:00 0:42
Shane Bowers 0 0 0 0 0 1 0 0 0 0 2/4 7:36 0:00 0:06
Timothy Liljegren 0 1 1 1 0 6 2 3 2 1 0/0 27:36 6:41 2:48
Tyce Thompson 0 0 0 0 0 1 0 0 0 0 0/0 7:30 0:00 0:00
Viktor Baldayev 0 0 0 0 0 2 2 0 0 1 0/0 17:11 0:00 2:56
3 Stars
1 - Patrick Brown (Cha)
2 - Andrei Svechnikov (Cha)
3 - Kirill Marchenko (Cha)
Power Play
Rockets - 0 on 3 Attempt(s) - 0.00%
Checkers - 1 on 7 Attempt(s) - 14.29%
Penalty Kill
Rockets - 6 on 7 Attempt(s) - 85.71%
- Score 0 goal in Penalty Kill
Checkers - 3 on 3 Attempt(s) - 100.00%
- Score 0 goal in Penalty Kill
Team Stat
Rockets - Hits : 17 - Faceoff Wins : 30 - Blocked Shots : 17 - Penalty Minutes : 14
Checkers - Hits : 25 - Faceoff Wins : 27 - Blocked Shots : 11 - Penalty Minutes : 6
Official
Referees : Furman South and Trevor Hanson
Linesman : Greg Devorski and Trent Knorr
Game Notes
Patrick Brown has scored a Hat Trick!
Finance
Level 1 -- Attendance: 1829 (91.45%) -- Ticket Income $128,030
Level 2 -- Attendance: 1000 (100.00%) -- Ticket Income $40,000
Total Attendance: 2829 (94.30%)
Total Ticket Income: $168,030
Other Income: $8,402
Total Income: $176,432
Rockets
5 vs 5 Forward
Center Left Wing Right Wing Time % Phy DF OF
1 Nick Suzuki Matias Maccelli Tage Thompson 30 1 2 2
2 Jacob De La Rose Alex Newhook Patrik Laine 30 1 2 2
3 Garret Pilon Eetu Luostarinen Cole Caufield 30 1 2 2
4 Kirby Dach Joel Teasdale Aliaksei Protas 10 1 2 2
5 vs 5 Defense
Defense Defense Time % Phy DF OF
1 Nicolas Hague Moritz Seider 40 1 2 2
2 John Marino Jeff Corbett 35 1 2 2
3 Jacob Bryson Alexander Romanov 20 1 2 2
4 Jayden Struble Arber Xhekaj 5 1 2 2
PowerPlay Forward
Center Left Wing Right Wing Time % Phy DF OF
1 Nick Suzuki Matias Maccelli Patrik Laine 60 1 2 2
2 Kirby Dach Eetu Luostarinen Cole Caufield 40 1 2 2
PowerPlay Defense
Defense Defense Time % Phy DF OF
1 Moritz Seider Alex Newhook 60 1 2 2
2 Jacob De La Rose John Marino 40 1 2 2
Penalty Kill 4 Players Forward
Center Wing Time % Phy DF OF
1 Jacob De La Rose Eetu Luostarinen 60 1 2 2
2 Garret Pilon Tage Thompson 40 1 2 2
Penalty Kill 4 Players Defense
Defense Defense Time % Phy DF OF
1 Jeff Corbett Nicolas Hague 60 1 2 2
2 John Marino Jacob Bryson 40 1 2 2
Penalty Kill - 3 Players Forward
Forward Time % Phy DF OF
1 Jacob De La Rose 60 1 2 2
2 Eetu Luostarinen 40 1 2 2
Penalty Kill - 3 Players Defense
Defense Defense Time % Phy DF OF
1 Jeff Corbett Nicolas Hague 60 1 2 2
2 Jacob Bryson John Marino 40 1 2 2
4 vs 4 Forward
Center Wing Time % Phy DF OF
1 Nick Suzuki Eetu Luostarinen 60 1 2 2
2 Jacob De La Rose Patrik Laine 40 1 2 2
4 vs 4 Defense
Defense Defense Time % Phy DF OF
1 Moritz Seider Nicolas Hague 60 1 2 2
2 John Marino Jacob Bryson 40 1 2 2
Last Minutes Offensive
Center Left Wing Right Wing Defense Defense
Nick Suzuki Matias Maccelli Patrik Laine John Marino Moritz Seider
Last Minutes Defensive
Center Left Wing Right Wing Defense Defense
Jacob De La Rose Eetu Luostarinen Tage Thompson Nicolas Hague Jeff Corbett
Goaltenders
Starting : Pyotr Kochetkov
Backup : Justus Annunen
Extra Forwards
Normal : Eetu Luostarinen, Matias Maccelli, Alex Newhook - PP : Aliaksei Protas, Tage Thompson - PK : Nick Suzuki
Extra Defensemen
Normal : Arber Xhekaj, Jayden Struble, Nicolas Hague - PP : Nicolas Hague - PK : Arber Xhekaj, Jayden Struble
Penalty Shots
Nick Suzuki, Cole Caufield, Eetu Luostarinen, Jacob De La Rose, Alex Newhook
Custom OT Lines Forwards
Jacob De La Rose, Nick Suzuki, Eetu Luostarinen, Patrik Laine, Matias Maccelli, Garret Pilon, Alex Newhook, Tage Thompson, Cole Caufield, Joel Teasdale
Custom OT Lines Defensemen
Nicolas Hague, John Marino, Jeff Corbett, Alexander Romanov, Moritz Seider
Scratches
Eric Karlsson (Healthy), Grant Besse (Healthy), Jacob Larsson (Healthy), Hunter Drew (Healthy), Zach Stepan (Healthy)
Michael Pezzetta (Healthy), Zachary Gallant (Healthy), Ville Heinola (Healthy), Olle Eriksson Ek (Healthy)
Checkers
5 vs 5 Forward
Center Left Wing Right Wing Time % Phy DF OF
1 Dylan Gambrell Andrei Svechnikov Patrick Brown 40 0 2 3
2 Nick Abruzzese Grigori Denisenko Austin Poganski 30 0 2 3
3 Mitchell Heard Roberts Lipsbergs Kirill Marchenko 20 0 2 3
4 Shane Bowers Brett Pollock Tyce Thompson 10 0 2 3
5 vs 5 Defense
Defense Defense Time % Phy DF OF
1 Timothy Liljegren John Draeger 40 0 2 3
2 Kale Clague Viktor Baldayev 30 0 2 3
3 Michael Anderson Jared McIsaac 20 0 2 3
4 Timothy Liljegren John Draeger 10 0 2 3
PowerPlay Forward
Center Left Wing Right Wing Time % Phy DF OF
1 Dylan Gambrell Andrei Svechnikov Patrick Brown 60 0 1 4
2 Nick Abruzzese Grigori Denisenko Kirill Marchenko 40 0 1 4
PowerPlay Defense
Defense Defense Time % Phy DF OF
1 Timothy Liljegren John Draeger 60 0 2 3
2 Kale Clague Michael Anderson 40 0 2 3
Penalty Kill 4 Players Forward
Center Wing Time % Phy DF OF
1 Mitchell Heard Patrick Brown 60 0 3 2
2 Dylan Gambrell Austin Poganski 40 0 3 2
Penalty Kill 4 Players Defense
Defense Defense Time % Phy DF OF
1 Timothy Liljegren John Draeger 60 0 4 1
2 Kale Clague Viktor Baldayev 40 0 4 1
Penalty Kill - 3 Players Forward
Forward Time % Phy DF OF
1 Patrick Brown 60 0 3 2
2 Mitchell Heard 40 0 3 2
Penalty Kill - 3 Players Defense
Defense Defense Time % Phy DF OF
1 Timothy Liljegren John Draeger 60 0 4 1
2 Kale Clague Viktor Baldayev 40 0 4 1
4 vs 4 Forward
Center Wing Time % Phy DF OF
1 Dylan Gambrell Andrei Svechnikov 60 0 2 3
2 Nick Abruzzese Patrick Brown 40 0 2 3
4 vs 4 Defense
Defense Defense Time % Phy DF OF
1 Timothy Liljegren John Draeger 60 0 2 3
2 Kale Clague Viktor Baldayev 40 0 2 3
Last Minutes Offensive
Center Left Wing Right Wing Defense Defense
Dylan Gambrell Andrei Svechnikov Patrick Brown Timothy Liljegren Kale Clague
Last Minutes Defensive
Center Left Wing Right Wing Defense Defense
Mitchell Heard Roberts Lipsbergs Patrick Brown John Draeger Viktor Baldayev
Goaltenders
Starting : Joseph Woll
Backup : Ivan Prosvetov
Extra Forwards
Normal : Nick Abruzzese, Andrei Svechnikov, Dylan Gambrell - PP : Kirill Marchenko, Andrei Svechnikov - PK : Patrick Brown
Extra Defensemen
Normal : Kale Clague, Timothy Liljegren, John Draeger - PP : Michael Anderson - PK : Viktor Baldayev, John Draeger
Penalty Shots
Andrei Svechnikov, Patrick Brown, Roberts Lipsbergs, Nick Abruzzese, Shane Bowers
Custom OT Lines Forwards
Dylan Gambrell, Andrei Svechnikov, Patrick Brown, Grigori Denisenko, Kirill Marchenko, Nick Abruzzese, Mitchell Heard, Brett Pollock, Roberts Lipsbergs, Shane Bowers
Custom OT Lines Defensemen
Timothy Liljegren, Kale Clague, John Draeger, Viktor Baldayev, Michael Anderson
Scratches
Jordan Harris (Healthy), Mikhail Abramov (Healthy), Mattias Norlinder (Healthy), Nathan Legare (Healthy), Kirill Ustimenko (Healthy)
% Time on Ice - Rockets
Lines # - Real PCT - Wanted PCT - Time Play
Normal Forward
1 - 27% - 30% - 11:30
2 - 28% - 30% - 11:48
3 - 27% - 30% - 11:39
4 - 18% - 10% - 7:41
Normal Defense
1 - 38% - 40% - 16:13
2 - 32% - 35% - 13:35
3 - 21% - 20% - 9:09
4 - 9% - 5% - 3:41
PP Forward
1 - 55% - 60% - 3:17
2 - 45% - 40% - 2:40
PP Defense
1 - 64% - 60% - 3:48
2 - 36% - 40% - 2:09
PK Forward
1 - 70% - 60% - 7:58
2 - 30% - 40% - 3:27
PK Defense
1 - 62% - 60% - 7:06
2 - 38% - 40% - 4:19
PK3 Forward
1 - 0% - 60%
2 - 0% - 40%
PK3 Defense
1 - 0% - 60%
2 - 0% - 40%
44 Forward
1 - 0% - 60%
2 - 0% - 40%
44 Defense
1 - 0% - 60%
2 - 0% - 40%
Last Minute Offensive - 0:00
Last Minute Defensive - 0:00
Total
Forward - 60:00
Defense - 60:00
|
% Time on Ice - Checkers
Lines # - Real PCT - Wanted PCT - Time Play
Normal Forward
1 - 36% - 40% - 15:24
2 - 27% - 30% - 11:24
3 - 20% - 20% - 8:20
4 - 18% - 10% - 7:30
Normal Defense
1 - 41% - 40% - 17:28
2 - 34% - 30% - 14:31
3 - 23% - 20% - 9:42
4 - 2% - 10% - 0:57
PP Forward
1 - 64% - 60% - 7:15
2 - 36% - 40% - 4:10
PP Defense
1 - 59% - 60% - 6:41
2 - 41% - 40% - 4:44
PK Forward
1 - 83% - 60% - 4:57
2 - 17% - 40% - 1:00
PK Defense
1 - 66% - 60% - 3:54
2 - 34% - 40% - 2:03
PK3 Forward
1 - 0% - 60%
2 - 0% - 40%
PK3 Defense
1 - 0% - 60%
2 - 0% - 40%
44 Forward
1 - 0% - 60%
2 - 0% - 40%
44 Defense
1 - 0% - 60%
2 - 0% - 40%
Last Minute Offensive - 0:00
Last Minute Defensive - 0:00
Total
Forward - 60:00
Defense - 60:00
|
Play-by-Play
1st period
0:01 of 1st period - Patrick Brown wins face-off versus Nick Suzuki in neutral zone.
0:04 of 1st period - Moritz Seider is hit by Patrick Brown and loses puck.
0:41 of 1st period - Moritz Seider is hit by Kirill Marchenko and loses puck.
1:08 of 1st period - Slapshot by Nick Suzuki.
1:08 of 1st period - Stopped by Joseph Woll without a rebound.
1:09 of 1st period - Jacob De La Rose wins face-off versus Shane Bowers in Checkers zone.
1:14 of 1st period - Snap shot by Patrik Laine.
1:14 of 1st period - Stopped by Joseph Woll without a rebound.
1:15 of 1st period - Shane Bowers wins face-off versus Jacob De La Rose in Checkers zone.
1:24 of 1st period - Wrist shot by Shane Bowers.
1:24 of 1st period - Shot Misses the Net.
1:30 of 1st period - Snap shot by Shane Bowers.
1:30 of 1st period - Shot Misses the Net.
2:27 of 1st period - Roberts Lipsbergs is hit by John Marino and loses puck.
3:06 of 1st period - Michael Anderson is hit by Alexander Romanov and loses puck.
4:48 of 1st period - Snap shot by Nick Abruzzese.
4:48 of 1st period - Shot Blocked by Tage Thompson.
4:50 of 1st period - Slapshot by John Draeger.
4:50 of 1st period - Shot Blocked by Arber Xhekaj.
4:52 of 1st period - Snap shot by Kale Clague.
4:52 of 1st period - Stopped by Pyotr Kochetkov without a rebound.
4:53 of 1st period - Garret Pilon wins face-off versus Dylan Gambrell in Rockets zone.
5:04 of 1st period - Nicolas Hague is hit by Patrick Brown and loses puck.
5:09 of 1st period - Wrist shot by Andrei Svechnikov.
5:09 of 1st period - Shot Misses the Net.
5:24 of 1st period - Moritz Seider is hit by Timothy Liljegren.
5:32 of 1st period - Wrist shot by Patrik Laine.
5:32 of 1st period - Shot Misses the Net.
5:42 of 1st period - Jacob Bryson is hit by John Draeger and loses puck.
6:19 of 1st period - Snap shot by Nick Suzuki.
6:19 of 1st period - Stopped by Joseph Woll with a rebound.
6:21 of 1st period - Slapshot by Tage Thompson.
6:21 of 1st period - Shot Misses the Net.
6:31 of 1st period - Eetu Luostarinen is hit by Nick Abruzzese and loses puck.
7:05 of 1st period - Snap shot by Kirill Marchenko.
7:05 of 1st period - Shot Misses the Net.
7:44 of 1st period - Wrist shot by Shane Bowers.
7:44 of 1st period - Shot Misses the Net.
7:46 of 1st period - Snap shot by Shane Bowers.
7:46 of 1st period - Shot Blocked by Moritz Seider.
7:48 of 1st period - Slapshot by Michael Anderson.
7:48 of 1st period - Stopped by Pyotr Kochetkov without a rebound.
7:49 of 1st period - Garret Pilon wins face-off versus Dylan Gambrell in Rockets zone.
8:00 of 1st period - Slapshot by Jacob Bryson.
8:00 of 1st period - Shot Misses the Net.
8:02 of 1st period - Wrist shot by Jacob Bryson.
8:02 of 1st period - Stopped by Joseph Woll with a rebound.
8:04 of 1st period - Snap shot by Eetu Luostarinen.
8:04 of 1st period - Stopped by Joseph Woll with a rebound.
8:33 of 1st period - Nicolas Hague is hit by Viktor Baldayev.
8:56 of 1st period - Wrist shot by Dylan Gambrell.
8:56 of 1st period - Shot Blocked by Nicolas Hague.
8:58 of 1st period - Slapshot by John Draeger.
8:58 of 1st period - Shot Blocked by Cole Caufield.
9:00 of 1st period - Slapshot by Timothy Liljegren.
9:00 of 1st period - Stopped by Pyotr Kochetkov with a rebound.
9:02 of 1st period - Slapshot by Timothy Liljegren.
9:02 of 1st period - Stopped by Pyotr Kochetkov with a rebound.
9:52 of 1st period - Wrist shot by Nick Abruzzese.
9:52 of 1st period - Shot Blocked by Matias Maccelli.
9:56 of 1st period - Snap shot by Roberts Lipsbergs.
9:56 of 1st period - Deflect By Kirill Marchenko.
9:56 of 1st period - Stopped by Pyotr Kochetkov with a rebound.
9:58 of 1st period - Slapshot by Michael Anderson.
9:58 of 1st period - Stopped by Pyotr Kochetkov with a rebound.
10:00 of 1st period - Slapshot by Michael Anderson.
10:00 of 1st period - Stopped by Pyotr Kochetkov without a rebound.
10:01 of 1st period - Eetu Luostarinen wins face-off versus Dylan Gambrell in Rockets zone.
10:12 of 1st period - John Marino is hit by Timothy Liljegren and loses puck.
10:38 of 1st period - Slapshot by Patrik Laine.
10:38 of 1st period - Deflect By Jacob De La Rose.
10:38 of 1st period - Shot Blocked by Timothy Liljegren.
10:38 of 1st period - Puck is out of play.
10:39 of 1st period - Dylan Gambrell wins face-off versus Nick Suzuki in Checkers zone.
11:23 of 1st period - Alexander Romanov is hit by Kale Clague and loses puck.
11:32 of 1st period - Snap shot by Eetu Luostarinen.
11:32 of 1st period - Stopped by Joseph Woll with a rebound.
11:44 of 1st period - Brett Pollock is hit by Jeff Corbett and loses puck.
12:04 of 1st period - Backhand shot by Nicolas Hague.
12:04 of 1st period - Shot Misses the Net.
12:06 of 1st period - Slapshot by Nicolas Hague.
12:06 of 1st period - Deflect By Jacob De La Rose.
12:06 of 1st period - Shot Blocked by Kale Clague.
12:06 of 1st period - Puck is out of play.
12:07 of 1st period - Jacob De La Rose wins face-off versus Patrick Brown in Checkers zone.
12:59 of 1st period - Snap shot by Kirill Marchenko.
12:59 of 1st period - Shot Misses the Net.
13:15 of 1st period - Slapshot by Patrik Laine.
13:15 of 1st period - Shot Blocked by John Draeger.
13:17 of 1st period - Wrist shot by Patrik Laine.
13:17 of 1st period - Shot Misses the Net.
13:19 of 1st period - Slapshot by Alexander Romanov.
13:19 of 1st period - Shot Misses the Net.
13:23 of 1st period - Wrist shot by Patrik Laine.
13:23 of 1st period - Stopped by Joseph Woll with a rebound.
13:25 of 1st period - Wrist shot by Patrik Laine.
13:25 of 1st period - Shot Misses the Net.
13:41 of 1st period - Snap shot by Shane Bowers.
13:41 of 1st period - Stopped by Pyotr Kochetkov with a rebound.
13:43 of 1st period - Slapshot by John Draeger.
13:43 of 1st period - Shot Misses the Net.
13:45 of 1st period - Slapshot by John Draeger.
13:45 of 1st period - Shot Blocked by Aliaksei Protas.
14:08 of 1st period - Minor Penalty to Grigori Denisenko for Tripping.
14:09 of 1st period - Nick Suzuki wins face-off versus Mitchell Heard in Checkers zone.
14:11 of 1st period - Snap shot by Matias Maccelli.
14:11 of 1st period - Stopped by Joseph Woll with a rebound.
14:13 of 1st period - Snap shot by Patrik Laine.
14:13 of 1st period - Shot Misses the Net.
14:15 of 1st period - Slapshot by Alex Newhook.
14:15 of 1st period - Stopped by Joseph Woll without a rebound.
14:16 of 1st period - Mitchell Heard wins face-off versus Patrik Laine in Checkers zone.
15:30 of 1st period - Icing by Patrik Laine.
15:31 of 1st period - Nick Suzuki wins face-off versus Dylan Gambrell in Rockets zone.
15:42 of 1st period - Kale Clague is hit by Eetu Luostarinen and loses puck.
16:08 of 1st period - Penalty to Grigori Denisenko is over, Grigori Denisenko is back on ice.
16:17 of 1st period - Joel Teasdale is hit by Grigori Denisenko and loses puck.
16:40 of 1st period - Patrik Laine is hit by Kirill Marchenko and loses puck.
16:57 of 1st period - Snap shot by Nick Abruzzese.
16:57 of 1st period - Deflect By Austin Poganski.
16:57 of 1st period - Shot Misses the Net.
16:57 of 1st period - Puck is out of play.
16:58 of 1st period - Nick Abruzzese wins face-off versus Matias Maccelli in Rockets zone.
17:03 of 1st period - Slapshot by Kale Clague.
17:03 of 1st period - Shot Misses the Net.
17:05 of 1st period - Slapshot by Viktor Baldayev.
17:05 of 1st period - Shot Blocked by Nick Suzuki.
17:07 of 1st period - Slapshot by Kale Clague.
17:07 of 1st period - Stopped by Pyotr Kochetkov with a rebound.
17:09 of 1st period - Snap shot by Austin Poganski.
17:09 of 1st period - Shot Misses the Net.
17:11 of 1st period - Slapshot by Kale Clague.
17:11 of 1st period - Shot Misses the Net.
17:13 of 1st period - Slapshot by Viktor Baldayev.
17:13 of 1st period - Deflect By Nicolas Hague.
17:13 of 1st period - Stopped by Pyotr Kochetkov with a rebound.
17:29 of 1st period - Snap shot by Andrei Svechnikov.
17:29 of 1st period - Stopped by Pyotr Kochetkov with a rebound.
17:31 of 1st period - Slapshot by Jared McIsaac.
17:31 of 1st period - Stopped by Pyotr Kochetkov without a rebound.
17:32 of 1st period - Garret Pilon wins face-off versus Dylan Gambrell in Rockets zone.
18:06 of 1st period - Snap shot by Patrik Laine.
18:06 of 1st period - Deflect By Kale Clague.
18:06 of 1st period - Shot Misses the Net.
18:06 of 1st period - Puck is out of play.
18:07 of 1st period - Jacob De La Rose wins face-off versus Nick Abruzzese in Checkers zone.
18:08 of 1st period - Snap shot by Patrik Laine.
18:08 of 1st period - Shot Blocked by Timothy Liljegren.
18:19 of 1st period - Icing by Grigori Denisenko.
18:20 of 1st period - Garret Pilon wins face-off versus Nick Abruzzese in Checkers zone.
19:07 of 1st period - Snap shot by Timothy Liljegren.
19:07 of 1st period - Stopped by Pyotr Kochetkov without a rebound.
19:08 of 1st period - Nick Suzuki wins face-off versus Dylan Gambrell in Rockets zone.
Goals for this period are 0 for Rockets vs 0 for Checkers.
Shots for this period are 9 for Rockets vs 13 for Checkers.
2nd period
0:01 of 2nd period - Dylan Gambrell wins face-off versus Garret Pilon in neutral zone.
0:06 of 2nd period - Slapshot by Timothy Liljegren.
0:06 of 2nd period - Stopped by Pyotr Kochetkov with a rebound.
0:08 of 2nd period - Snap shot by Dylan Gambrell.
0:08 of 2nd period - Stopped by Pyotr Kochetkov with a rebound.
0:10 of 2nd period - Slapshot by Dylan Gambrell.
0:10 of 2nd period - Stopped by Pyotr Kochetkov with a rebound.
0:12 of 2nd period - Wrist shot by Andrei Svechnikov.
0:12 of 2nd period - Stopped by Pyotr Kochetkov with a rebound.
0:14 of 2nd period - Backhand shot by Patrick Brown.
0:14 of 2nd period - Goal by Patrick Brown - Rockets : 0 - Checkers : 1.
0:15 of 2nd period - Dylan Gambrell wins face-off versus Garret Pilon in neutral zone.
0:18 of 2nd period - Garret Pilon is hit by Dylan Gambrell.
0:19 of 2nd period - Icing by Garret Pilon.
0:20 of 2nd period - Dylan Gambrell wins face-off versus Garret Pilon in Rockets zone.
0:25 of 2nd period - Snap shot by Patrick Brown.
0:25 of 2nd period - Stopped by Pyotr Kochetkov with a rebound.
0:27 of 2nd period - Minor Penalty to Garret Pilon for Tripping.
0:28 of 2nd period - Jacob De La Rose wins face-off versus Dylan Gambrell in Rockets zone.
0:37 of 2nd period - Slapshot by Timothy Liljegren.
0:37 of 2nd period - Stopped by Pyotr Kochetkov without a rebound.
0:38 of 2nd period - Jacob De La Rose wins face-off versus Dylan Gambrell in Rockets zone.
1:38 of 2nd period - Nick Suzuki is hit by Kirill Marchenko and loses puck.
2:05 of 2nd period - Kale Clague is hit by Eetu Luostarinen and loses puck.
2:27 of 2nd period - Penalty to Garret Pilon is over, Garret Pilon is back on ice.
2:28 of 2nd period - Snap shot by Kale Clague.
2:28 of 2nd period - Shot Misses the Net.
2:30 of 2nd period - Snap shot by Kirill Marchenko.
2:30 of 2nd period - Goal by Kirill Marchenko - Rockets : 0 - Checkers : 2.
2:31 of 2nd period - Jacob De La Rose wins face-off versus Dylan Gambrell in neutral zone.
2:42 of 2nd period - Wrist shot by Jacob De La Rose.
2:42 of 2nd period - Goal by Jacob De La Rose - Rockets : 1 - Checkers : 2.
2:43 of 2nd period - Garret Pilon wins face-off versus Dylan Gambrell in neutral zone.
2:46 of 2nd period - Snap shot by Cole Caufield.
2:46 of 2nd period - Stopped by Joseph Woll with a rebound.
3:26 of 2nd period - Off-side.
3:27 of 2nd period - Shane Bowers wins face-off versus Nick Suzuki in neutral zone.
4:01 of 2nd period - Jeff Corbett is hit by Patrick Brown and loses puck.
4:11 of 2nd period - Off-side.
4:12 of 2nd period - Jacob De La Rose wins face-off versus Nick Abruzzese in neutral zone.
4:41 of 2nd period - Viktor Baldayev is hit by Garret Pilon and loses puck.
5:02 of 2nd period - Wrist shot by Kirby Dach.
5:02 of 2nd period - Shot Blocked by Kale Clague.
5:04 of 2nd period - Slapshot by Kirby Dach.
5:04 of 2nd period - Shot Blocked by Roberts Lipsbergs.
5:06 of 2nd period - Slapshot by Alexander Romanov.
5:06 of 2nd period - Deflect By Kirby Dach.
5:06 of 2nd period - Shot Blocked by Kale Clague.
5:06 of 2nd period - Puck is out of play.
5:07 of 2nd period - Dylan Gambrell wins face-off versus Jacob De La Rose in Checkers zone.
5:28 of 2nd period - Minor Penalty to John Marino for Slashing.
5:29 of 2nd period - Jacob De La Rose wins face-off versus Dylan Gambrell in Rockets zone.
5:56 of 2nd period - Jeff Corbett is hit by Grigori Denisenko and loses puck.
7:28 of 2nd period - Penalty to John Marino is over, John Marino is back on ice.
7:38 of 2nd period - Jeff Corbett is hit by Mitchell Heard and loses puck.
7:51 of 2nd period - Brett Pollock is hit by Nick Suzuki and loses puck.
8:27 of 2nd period - Snap shot by Garret Pilon.
8:27 of 2nd period - Goal by Garret Pilon - Rockets : 2 - Checkers : 2.
8:28 of 2nd period - Dylan Gambrell wins face-off versus Nick Suzuki in neutral zone.
9:00 of 2nd period - Wrist shot by Eetu Luostarinen.
9:00 of 2nd period - Shot Misses the Net.
9:06 of 2nd period - Snap shot by Garret Pilon.
9:06 of 2nd period - Stopped by Joseph Woll with a rebound.
9:20 of 2nd period - Alex Newhook is hit by Michael Anderson and loses puck.
9:33 of 2nd period - Minor Penalty to Patrik Laine for Holding.
9:34 of 2nd period - Dylan Gambrell wins face-off versus Jacob De La Rose in Rockets zone.
11:33 of 2nd period - Penalty to Patrik Laine is over, Patrik Laine is back on ice.
11:44 of 2nd period - Snap shot by Patrik Laine.
11:44 of 2nd period - Shot Misses the Net.
12:04 of 2nd period - Mitchell Heard is hit by Tage Thompson and loses puck.
12:51 of 2nd period - Andrei Svechnikov is hit by Alexander Romanov and loses puck.
13:06 of 2nd period - Nicolas Hague is hit by Brett Pollock and loses puck.
13:19 of 2nd period - John Draeger is hit by Tage Thompson and loses puck.
13:28 of 2nd period - Kirill Marchenko is hit by Moritz Seider.
13:38 of 2nd period - Moritz Seider is hit by Nick Abruzzese.
13:57 of 2nd period - Snap shot by Matias Maccelli.
13:57 of 2nd period - Deflect By Tage Thompson.
13:57 of 2nd period - Stopped by Joseph Woll without a rebound.
13:58 of 2nd period - Dylan Gambrell wins face-off versus Garret Pilon in Checkers zone.
14:20 of 2nd period - Minor Penalty to Dylan Gambrell for Roughing.
14:21 of 2nd period - Mitchell Heard wins face-off versus Nick Suzuki in Checkers zone.
15:00 of 2nd period - Wrist shot by Eetu Luostarinen.
15:00 of 2nd period - Shot Misses the Net.
15:02 of 2nd period - Wrist shot by Eetu Luostarinen.
15:02 of 2nd period - Deflect By Cole Caufield.
15:02 of 2nd period - Shot Misses the Net.
15:02 of 2nd period - Puck is out of play.
15:03 of 2nd period - Mitchell Heard wins face-off versus Matias Maccelli in Checkers zone.
16:20 of 2nd period - Penalty to Dylan Gambrell is over, Dylan Gambrell is back on ice.
16:36 of 2nd period - Icing by Aliaksei Protas.
16:37 of 2nd period - Patrick Brown wins face-off versus Aliaksei Protas in Rockets zone.
16:48 of 2nd period - Wrist shot by Andrei Svechnikov.
16:48 of 2nd period - Stopped by Pyotr Kochetkov with a rebound.
17:39 of 2nd period - Slapshot by Michael Anderson.
17:39 of 2nd period - Shot Misses the Net.
17:41 of 2nd period - Snap shot by Andrei Svechnikov.
17:41 of 2nd period - Shot Misses the Net.
17:43 of 2nd period - Snap shot by Patrick Brown.
17:43 of 2nd period - Shot Misses the Net.
17:45 of 2nd period - Slapshot by Andrei Svechnikov.
17:45 of 2nd period - Goal by Andrei Svechnikov - Rockets : 2 - Checkers : 3.
17:46 of 2nd period - Jacob De La Rose wins face-off versus Dylan Gambrell in neutral zone.
17:51 of 2nd period - Slapshot by Moritz Seider.
17:51 of 2nd period - Shot Misses the Net.
18:42 of 2nd period - Slapshot by Matias Maccelli.
18:42 of 2nd period - Stopped by Joseph Woll without a rebound.
18:43 of 2nd period - Dylan Gambrell wins face-off versus Jacob De La Rose in Checkers zone.
18:58 of 2nd period - Snap shot by Andrei Svechnikov.
18:58 of 2nd period - Shot Misses the Net.
19:17 of 2nd period - Wrist shot by Garret Pilon.
19:17 of 2nd period - Deflect By Cole Caufield.
19:17 of 2nd period - Stopped by Joseph Woll with a rebound.
19:29 of 2nd period - Snap shot by Brett Pollock.
19:29 of 2nd period - Shot Blocked by Jacob Bryson.
19:37 of 2nd period - Brett Pollock is hit by Garret Pilon.
Goals for this period are 2 for Rockets vs 3 for Checkers.
Shots for this period are 7 for Rockets vs 10 for Checkers.
3rd period
0:01 of 3rd period - Jacob De La Rose wins face-off versus Dylan Gambrell in neutral zone.
0:28 of 3rd period - Double Minor Penalty to Matias Maccelli for Roughing.
0:29 of 3rd period - Jacob De La Rose wins face-off versus Dylan Gambrell in Rockets zone.
0:43 of 3rd period - Snap shot by Dylan Gambrell.
0:43 of 3rd period - Stopped by Pyotr Kochetkov with a rebound.
4:28 of 3rd period - Penalty to Matias Maccelli is over, Matias Maccelli is back on ice.
4:33 of 3rd period - Slapshot by Jacob Bryson.
4:33 of 3rd period - Stopped by Joseph Woll with a rebound.
5:05 of 3rd period - Slapshot by Michael Anderson.
5:05 of 3rd period - Shot Blocked by Aliaksei Protas.
5:13 of 3rd period - Snap shot by Mitchell Heard.
5:13 of 3rd period - Shot Misses the Net.
5:15 of 3rd period - Wrist shot by Mitchell Heard.
5:15 of 3rd period - Shot Blocked by Kirby Dach.
5:17 of 3rd period - Snap shot by Mitchell Heard.
5:17 of 3rd period - Stopped by Pyotr Kochetkov without a rebound.
5:18 of 3rd period - Dylan Gambrell wins face-off versus Garret Pilon in Rockets zone.
5:39 of 3rd period - Minor Penalty to John Draeger for Slashing.
5:40 of 3rd period - Dylan Gambrell wins face-off versus Nick Suzuki in Checkers zone.
5:51 of 3rd period - Moritz Seider is hit by Dylan Gambrell and loses puck.
6:16 of 3rd period - Wrist shot by Kirby Dach.
6:16 of 3rd period - Shot Blocked by Timothy Liljegren.
7:39 of 3rd period - Penalty to John Draeger is over, John Draeger is back on ice.
7:49 of 3rd period - Slapshot by John Draeger.
7:49 of 3rd period - Stopped by Pyotr Kochetkov without a rebound.
7:50 of 3rd period - Joel Teasdale wins face-off versus Shane Bowers in Rockets zone.
7:50 of 3rd period - Joel Teasdale is hit by John Draeger.
8:02 of 3rd period - Viktor Baldayev is hit by Alexander Romanov.
8:06 of 3rd period - Jacob Bryson is hit by Viktor Baldayev and loses puck.
9:12 of 3rd period - Slapshot by Shane Bowers.
9:12 of 3rd period - Shot Blocked by Aliaksei Protas.
9:14 of 3rd period - Snap shot by Tyce Thompson.
9:14 of 3rd period - Stopped by Pyotr Kochetkov with a rebound.
9:20 of 3rd period - Kale Clague is hit by Aliaksei Protas and loses puck.
9:25 of 3rd period - Wrist shot by Joel Teasdale.
9:25 of 3rd period - Stopped by Joseph Woll without a rebound.
9:26 of 3rd period - Jacob De La Rose wins face-off versus Dylan Gambrell in Checkers zone.
9:51 of 3rd period - Nicolas Hague is hit by Nick Abruzzese and loses puck.
9:56 of 3rd period - Snap shot by Nick Abruzzese.
9:56 of 3rd period - Shot Misses the Net.
9:58 of 3rd period - Wrist shot by Austin Poganski.
9:58 of 3rd period - Shot Misses the Net.
10:00 of 3rd period - Snap shot by Kale Clague.
10:00 of 3rd period - Shot Blocked by Nicolas Hague.
10:02 of 3rd period - Slapshot by Kale Clague.
10:02 of 3rd period - Shot Blocked by Moritz Seider.
10:04 of 3rd period - Wrist shot by Viktor Baldayev.
10:04 of 3rd period - Stopped by Pyotr Kochetkov without a rebound.
10:05 of 3rd period - Kirill Marchenko wins face-off versus Jacob De La Rose in Rockets zone.
10:32 of 3rd period - John Draeger is hit by Matias Maccelli.
10:42 of 3rd period - Slapshot by John Marino.
10:42 of 3rd period - Shot Hit the Post.
10:52 of 3rd period - Wrist shot by Eetu Luostarinen.
10:52 of 3rd period - Stopped by Joseph Woll without a rebound.
10:53 of 3rd period - Garret Pilon wins face-off versus Nick Abruzzese in Checkers zone.
11:51 of 3rd period - Backhand shot by Kirby Dach.
11:51 of 3rd period - Stopped by Joseph Woll without a rebound.
11:52 of 3rd period - Nick Suzuki wins face-off versus Nick Abruzzese in Checkers zone.
12:05 of 3rd period - Slapshot by Timothy Liljegren.
12:05 of 3rd period - Deflect By Grigori Denisenko.
12:05 of 3rd period - Stopped by Pyotr Kochetkov without a rebound.
12:06 of 3rd period - Jacob De La Rose wins face-off versus Mitchell Heard in Rockets zone.
13:21 of 3rd period - Wrist shot by Joel Teasdale.
13:21 of 3rd period - Shot Misses the Net.
13:23 of 3rd period - Wrist shot by Joel Teasdale.
13:23 of 3rd period - Stopped by Joseph Woll without a rebound.
13:24 of 3rd period - Kirby Dach wins face-off versus Dylan Gambrell in Checkers zone.
13:49 of 3rd period - Viktor Baldayev is hit by Patrik Laine and loses puck.
13:56 of 3rd period - Wrist shot by Alex Newhook.
13:56 of 3rd period - Deflect By Patrik Laine.
13:56 of 3rd period - Goal by Patrik Laine - Rockets : 3 - Checkers : 3.
13:57 of 3rd period - Dylan Gambrell wins face-off versus Jacob De La Rose in neutral zone.
14:04 of 3rd period - Wrist shot by Patrick Brown.
14:04 of 3rd period - Goal by Patrick Brown - Rockets : 3 - Checkers : 4.
14:05 of 3rd period - Nick Suzuki wins face-off versus Dylan Gambrell in neutral zone.
14:15 of 3rd period - Minor Penalty to Nick Suzuki for Hooking.
14:16 of 3rd period - Dylan Gambrell wins face-off versus Jacob De La Rose in Rockets zone.
14:30 of 3rd period - Slapshot by Patrick Brown.
14:30 of 3rd period - Stopped by Pyotr Kochetkov with a rebound.
14:46 of 3rd period - Nicolas Hague is hit by Patrick Brown and loses puck.
15:31 of 3rd period - Slapshot by Patrick Brown.
15:31 of 3rd period - Goal by Patrick Brown - Rockets : 3 - Checkers : 5.
15:32 of 3rd period - Garret Pilon wins face-off versus Mitchell Heard in neutral zone.
15:37 of 3rd period - Backhand shot by Cole Caufield.
15:37 of 3rd period - Stopped by Joseph Woll with a rebound.
15:45 of 3rd period - Snap shot by Nicolas Hague.
15:45 of 3rd period - Shot Blocked by Mitchell Heard.
15:57 of 3rd period - Moritz Seider is hit by Nick Abruzzese.
17:05 of 3rd period - Slapshot by Patrick Brown.
17:05 of 3rd period - Deflect By Cole Caufield.
17:05 of 3rd period - Shot Misses the Net.
17:05 of 3rd period - Puck is out of play.
17:06 of 3rd period - Dylan Gambrell wins face-off versus Matias Maccelli in Rockets zone.
17:36 of 3rd period - Slapshot by Roberts Lipsbergs.
17:36 of 3rd period - Shot Blocked by Alexander Romanov.
17:38 of 3rd period - Wrist shot by Mitchell Heard.
17:38 of 3rd period - Goal by Mitchell Heard - Rockets : 3 - Checkers : 6.
17:39 of 3rd period - Dylan Gambrell wins face-off versus Jacob De La Rose in neutral zone.
18:10 of 3rd period - Wrist shot by Nick Abruzzese.
18:10 of 3rd period - Shot Blocked by Cole Caufield.
18:12 of 3rd period - Slapshot by Timothy Liljegren.
18:12 of 3rd period - Stopped by Pyotr Kochetkov without a rebound.
18:13 of 3rd period - Nick Abruzzese wins face-off versus Nick Suzuki in Rockets zone.
18:14 of 3rd period - Wrist shot by Grigori Denisenko.
18:14 of 3rd period - Stopped by Pyotr Kochetkov with a rebound.
18:16 of 3rd period - Slapshot by Kale Clague.
18:16 of 3rd period - Shot Blocked by John Marino.
18:18 of 3rd period - Snap shot by Nick Abruzzese.
18:18 of 3rd period - Stopped by Pyotr Kochetkov without a rebound.
18:19 of 3rd period - Nick Suzuki wins face-off versus Nick Abruzzese in Rockets zone.
18:28 of 3rd period - Snap shot by Tage Thompson.
18:28 of 3rd period - Shot Blocked by Nick Abruzzese.
19:08 of 3rd period - Slapshot by Eetu Luostarinen.
19:08 of 3rd period - Stopped by Joseph Woll with a rebound.
19:10 of 3rd period - Slapshot by John Marino.
19:10 of 3rd period - Deflect By Eetu Luostarinen.
19:10 of 3rd period - Shot Blocked by Kirill Marchenko.
19:10 of 3rd period - Puck is out of play.
19:11 of 3rd period - Mitchell Heard wins face-off versus Garret Pilon in Checkers zone.
19:23 of 3rd period - Slapshot by Jeff Corbett.
19:23 of 3rd period - Stopped by Joseph Woll without a rebound.
19:24 of 3rd period - Patrick Brown wins face-off versus Jacob De La Rose in Checkers zone.
19:24 of 3rd period - Patrick Brown is hit by Moritz Seider.
19:38 of 3rd period - Wrist shot by Andrei Svechnikov.
19:38 of 3rd period - Stopped by Pyotr Kochetkov with a rebound.
19:46 of 3rd period - Minor Penalty to Moritz Seider for Checking from behind.
19:47 of 3rd period - Jacob De La Rose wins face-off versus Dylan Gambrell in Rockets zone.
Goals for this period are 1 for Rockets vs 3 for Checkers.
Shots for this period are 9 for Rockets vs 14 for Checkers.